 Dungeon Crawl Stone Soup version 0.31-a0-180-g519b7de00c (webtiles) character file.

Game seed: 14320968594590578197

201 Jeffwins the Ducker (level 5, 0/34 HPs)
             Began as an Octopode Wanderer on June 20, 2023.
             Slain by an ogre
             ... wielding a +0 giant club
              (17 damage)
             ... on level 4 of the Dungeon.
             The game lasted 00:04:04 (1847 turns).

Jeffwins the Ducker (Octopode Wanderer)             Turns: 1847, Time: 00:04:05

Health: 0/34       AC:  3    Str:  8    XL:     5   Next: 79%
Magic:  0/7        EV: 15    Int: 16    God:
Gold:   312        SH:  0    Dex: 15    Spells: 7/7 levels left

rFire   . . .        e - +6 trident "Beastslayer" {vamp, rC+ rCorr SInv}
rCold   + . .        (no shield)
rNeg    + . .        d - +2 hat
rPois   .            G - amulet of guardian spirit
rElec   .            N - ring of positive energy
rCorr   +            (no ring)
SInv    +            (no ring)
Will    .....        (no ring)
Stlth   +++          (no ring)
HPRegen 0.25/turn    (no ring)
MPRegen 0.10/turn    (no ring)
                     (no ring)

%: guardian spirit
@: no status effects
A: almost no armour, amphibious, 8 rings, camouflage 1, gelatinous body 1,
(nimble swimmer 1), tentacles
a: no special abilities


You were on level 4 of the Dungeon.
You visited 1 branch of the dungeon, and saw 4 of its levels.

You collected 312 gold pieces.


Innate Abilities, Weirdness & Mutations

You cannot wear most types of armour.
You are amphibious.
You can wear up to eight rings at the same time.
Your skin changes colour to match your surroundings (Stealth+).
Your rubbery body absorbs attacks. (AC +1, EV +1)
((You are camouflaged when in or above water. (Stealth+)))
You have tentacles for arms and can constrict up to eight enemies at once.


   Skills:
 + Level 1.8 Fighting
 - Level 1.1 Short Blades
 * Level 2.2 Polearms
 + Level 4.5 Dodging
 + Level 2.5 Stealth
 + Level 1.9 Spellcasting
 - Level 2.0 Translocations
 + Level 3.9 Evocations


You had 7 spell levels left.
You didn't know any spells.
Your spell library contained the following spells:

 Spells                   Type           Power      Damage    Failure   Level
 Lesser Beckoning         Tloc           16%        N/A       14%         2
 Momentum Strike          Conj/Tloc      8%         3d8       22%         2

Inventory:

Hand Weapons
 a - a +0 dagger
 e - the +6 trident "Beastslayer" (weapon) {vamp, rC+ rCorr SInv}
   (You took it off a kobold on level 2 of the Dungeon)

   rC:        It protects you from cold.
   SInv:      It lets you see invisible.
   rCorr:     It protects you from acid and corrosion.
Missiles
 n - 8 poisoned darts
Armour
 d - a +2 hat (worn)
Jewellery
 G - an amulet of guardian spirit (around mantle)
 N - a ring of positive energy (left tentacle)
Wands
 b - a wand of flame (6) (quivered)
 t - a wand of acid (9)
Scrolls
 f - 4 scrolls of identify {unknown}
 g - 2 scrolls of teleportation {unknown}
 h - a scroll of amnesia {unknown}
 k - a scroll of immolation {unknown}
 m - 3 scrolls of fog {unknown}
 p - a scroll of silence {unknown}
 s - a scroll of fear {unknown}
 u - a scroll of summoning {unknown}
Potions
 c - a potion of attraction {!q}
 i - 2 potions of degeneration {unknown}
 j - a potion of magic {unknown}
 l - 4 potions of curing {unknown}
 o - a potion of enlightenment {unknown}
 q - a potion of brilliance {unknown}
 r - a potion of berserk rage {unknown}
 v - 2 potions of lignification {unknown}

Dungeon Overview and Level Annotations

Branches:
Dungeon (4/15)
 Temple: D:4-7

Altars:

Shops:
D:2

* ....##### ##...#..
........## #.........#
....##...# ##..........
....##...####...........
........#...#...........
###..#..#...#...........
#...##......#..##.......
....#.###.......#O....#
........##...##.@#
....#...###.##...#
....##...#......####
...####.........##.##..
.....##.........#...... .##.
..........#..#........##.#..
...#.....##.##......... ..##
#. ####.###.....##...###...
. #..####........>....# ##..


You could see an ogre.


Message History

No target in view!
HP restored.
Magic restored.
You now have 312 gold pieces (gained 3).
v - 2 coppery potions An ogre comes into view.
It is wielding a +0 giant club.
An ogre is nearby!
An ogre is nearby!
A ball python comes into view.
The ball python hisses angrily.
The ogre shouts!
Okay, then.
You reach to attack!
You hit the ogre.
The ogre is moderately wounded.
The ball python misses you. The ball python barely misses you.
You puncture the ball python!
You kill the ball python!
You barely miss the ogre. You squeeze the ogre, but do no damage.
The ogre is moderately wounded.
The ogre closely misses you.
You puncture the ogre!
The ogre is heavily wounded.
The ogre hits you with a +0 giant club!!
Ouch! That really hurt!
* * * LOW HITPOINT WARNING * * *
Unknown command.
You hit the ogre.
You feel better.
You squeeze the ogre.
The ogre is severely wounded.
The ogre hits you with a +0 giant club!!
Ouch! That really hurt!
You die...

Skill      XL: |  1  2 |
---------------+-------+-----
Short Blades   | 1 |  1.1
Fighting       | 1 |  1.8
Polearms       | 2 |  2.2
Stealth        | 2 |  2.5
Dodging        | |  4.5
Spellcasting   | |  1.9
Translocations | |  2.0
Evocations     | |  3.9

Action                     |  1- 3 |  4- 6 || total
---------------------------+-------+-------++-------
  Melee: Dagger            |    37 |       ||    37
         Tentacles         |     7 |     5 ||    12
         Constrict         |    11 |     6 ||    17
         Trident           |     8 |    32 ||    40
  Throw: Dart              |     3 |       ||     3
   Stab: Sleeping          |     2 |     8 ||    10
 Armour: Skin              |    11 |     1 ||    12
  Dodge: Dodged            |    22 |    11 ||    33

Levels and vault maps discovered:
D:1:      sevenhm_arrival_forest_fort_small_1, layout_rooms,
          minmay_misc_feat_pillars, nicolae_the_louvre
D:2:      layout_basic, serial_shops, shop, hellmonk_ecumenical_altar_run_dry,
          hangedman_decor_opposing, uniq_sigmund
D:3:      layout_loops_ring, minmay_starry_boxes
D:4:      layout_cave_pools, uniq_ijyb

Notes
Turn   | Place    | Note
-------+----------+-------------------------------------------
     0 | D:1      | Jeffwins the Octopode Wanderer began the quest for the Orb.
     0 | D:1      | Jeffwins set off with the following items: a +0 dagger, a
                  | wand of flame (6), a potion of attraction {!q}, a +2 hat;
                  | and the following spells available to memorise: Lesser
                  | Beckoning, Momentum Strike.
     0 | D:1      | Reached XP level 1. HP: 11/11 MP: 2/2
   181 | D:1      | Reached XP level 2. HP: 7/17 MP: 3/3
   367 | D:1      | Reached skill level 1 in Short Blades
   594 | D:2      | Identified the +6 trident "Beastslayer" {vamp, rC+ rCorr
                  | SInv}
   668 | D:2      | Found Lihiomoi's General Store.
   671 | D:2      | Noticed Sigmund
   676 | D:2      | Killed Sigmund
   677 | D:2      | Reached skill level 1 in Fighting
   677 | D:2      | Reached skill level 2 in Polearms
   677 | D:2      | Reached skill level 2 in Stealth
   677 | D:2      | Reached XP level 3. HP: 24/24 MP: 3/5
   677 | D:2      | Reached XP level 4. HP: 29/29 MP: 3/6
   677 | D:2      | Reached XP level 5. HP: 34/34 MP: 3/7
   972 | D:2      | Found a faded altar of an unknown god.
  1838 | D:4      | Noticed an ogre
  1847 | D:4      | Slain by an ogre

Vanquished Creatures
  Sigmund (D:2)
  A worm (D:3)
  2 dart slugs
  2 orcs
  3 ball pythons
  4 endoplasms
  7 goblins
  2 hobgoblins
  4 jackals
  6 kobolds
  3 bats (D:2)
  4 rats
39 creatures vanquished.

Table legend: (Time is in decaauts)
 A = Elapsed time spent in this place.
 B = Non-inter-level travel time spent in this place.
 C = Inter-level travel time spent in this place.
 D = Time resting spent in this place.
 E = Time spent auto-exploring this place.
 F = Levels seen in this place.
 G = Mean time per level.
                   A        B        C        D        E       F      G
               +--------+--------+--------+--------+--------+-----+--------+
         Total |   1852 |   1769 |     83 |      0 |   1439 |   4 |  463.0 |
       Dungeon |   1852 |   1769 |     83 |      0 |   1439 |   4 |  463.0 |
               +--------+--------+--------+--------+--------+-----+--------+

Top non-repeatable levels by time:
     D:3: 616 daAuts
     D:2: 588 daAuts
     D:1: 530 daAuts
     D:4: 117 daAuts

Table legend:
 A = Non-vault XP
 B = Vault XP
 C = Vault XP percentage of total XP
 D = Non-vault monster count
 E = Vault monster count
 F = Vault count percentage of total count
                 A         B        C        D         E       F
            +---------+---------+-------+---------+---------+-------
      Total |      69 |     219 |  76.0 |      34 |       5 |  12.8
            +---------+---------+-------+---------+---------+-------
        D:1 |      23 |       0 |   0.0 |      11 |       0 |   0.0
        D:2 |      15 |     214 |  93.4 |      10 |       1 |   9.1
        D:3 |      20 |       5 |  20.0 |       8 |       4 |  33.3
        D:4 |      11 |       0 |   0.0 |       5 |       0 |   0.0
            +---------+---------+-------+---------+---------+-------
